Map: Invader LE

Players

WellPlayed

  • Race: Terran Terran
  • League: Platinum

capac - Winner!

  • Race: Terran Terran
  • League: Gold

VOD

Have the link to the VOD?

Description

Time

  • Played on: May 7, 2016, 4:43 p.m.
  • Length: 24:34
Show
View Real Time Build Order
Export as new Build Order

WellPlayed Terran 

Build Orders: Hellion Banshee, Mech 

Get SALT Encoding   

  12  0:00  SCV  
  13  0:13  SCV  
  14  0:18  Supply Depot  
  14  0:25  SCV  
  15  0:40  SCV  
  16  0:43  Barracks  
  16  0:52  Refinery, SCV  
  17  1:04  SCV  
  18  1:16  SCV  
  18  1:17  Refinery  
  19  1:30  Orbital Command  
  19  1:31  Marine  
  20  1:49  Factory  
  20  1:52  Marine  
  21  1:56  SCV  
  22  2:09  SCV  
  23  2:16  Supply Depot  
  23  2:23  Barracks Tech Lab  
  23  2:38  SCV  
  23  2:39  Starport  
  23  2:41  Factory Reactor  
  23  2:43  Marine  
  25  2:47  Supply Depot  
  25  2:48  Supply Depot  
  25  2:53  SCV  
  26  3:08  Command Center  
  26  3:19  Supply Depot  
  26  3:24  Hellion x2  
  30  3:30  Marine  
  31  3:39  Banshee  
  31  3:40  Cloaking Field  
  34  3:45  Supply Depot  
  34  3:54  Hellion x2  
  38  4:02  Supply Depot  
  38  4:14  SCV  
  38  4:16  Hellion x2  
  43  4:26  Banshee  
  46  4:57  Orbital Command, SCV  
  47  5:01  Hellion x2  
  51  5:09  Banshee, SCV  
  55  5:21  SCV  
  56  5:28  SCV  
  57  5:30  Hellion x2  
  61  5:52  Banshee  
  68  5:57  Hellion x2  
  54  6:18  Hellion  
  50  6:32  SCV  
  46  6:33  SCV  
  46  6:35  Banshee, Hellion  
  54  6:40  Hellion  
  54  6:41  Factory  
  54  6:44  SCV  
  54  6:45  SCV  
  56  6:55  Supply Depot  
  56  6:58  Supply Depot  
  57  7:01  SCV x2  
  57  7:06  Refinery  
  57  7:07  Refinery, Armory  
  58  7:11  Engineering Bay  
  58  7:14  Widow Mine  
  58  7:15  Widow Mine  
  62  7:17  Banshee, SCV, Command Center  
  62  7:22  SCV  
  67  7:29  SCV  
  68  7:35  Factory Tech Lab  
  68  7:39  Factory  
  68  7:41  Missile Turret  
  68  7:43  Missile Turret  
  68  7:45  Missile Turret  
  68  7:46  Widow Mine x2  
  72  7:55  Siege Tank  
  75  7:58  Terran Vehicle Weapons Level 1  
  75  8:03  Banshee  
  75  8:04  SCV x2  
  80  8:15  Hellion x2  
  80  8:16  SCV x2  
  83  8:30  SCV  
  83  8:31  Siege Tank  
  84  8:39  Factory Tech Lab  
  84  8:41  Supply Depot  
  84  8:43  SCV x2  
  84  8:46  Planetary Fortress  
  86  8:55  SCV x2  
  88  8:57  Liberator x2  
  88  9:00  Armory  
  88  9:03  Siege Tank  
  88  9:08  Supply Depot  
  91  9:15  Siege Tank  
  91  9:16  Siege Tank  
  103  9:18  SCV x2  
  103  9:20  Refinery  
  103  9:22  Refinery  
  105  9:27  Supply Depot  
  105  9:28  Supply Depot  
  105  9:34  Supply Depot  
  105  9:37  Supply Depot  
  105  9:41  Siege Tank  
  108  9:52  Terran Vehicle And Ship Armor Level 1  
  108  9:54  Starport  
  108  9:56  Supply Depot  
  108  9:57  Medivac x2  
  112  10:03  Supply Depot  
  112  10:07  SCV  
  112  10:08  SCV  
  114  10:14  SCV  
  114  10:17  Siege Tank  
  114  10:20  SCV x2  
  120  10:27  SCV  
  121  10:29  Supply Depot  
  121  10:31  Supply Depot  
  121  10:32  SCV  
  122  10:36  Terran Vehicle Weapons Level 2, Supply Depot  
  122  10:39  Supply Depot, SCV x2  
  124  10:46  Siege Tank  
  124  10:49  Starport Reactor  
  127  10:51  Siege Tank  
  130  11:03  Siege Tank  
  133  11:05  SCV  
  134  11:18  Siege Tank  
  134  11:23  Siege Tank  
  134  11:24  Liberator x2  
  134  11:25  Liberator x2  
  140  11:35  Siege Tank  
  147  11:47  Terran Ship Weapons Level 1  
  147  11:58  Command Center  
  147  12:07  Liberator, Missile Turret  
  147  12:08  Missile Turret x2  
  147  12:14  Starport  
  147  12:15  Starport, Sensor Tower  
  147  12:16  Starport  
  150  12:30  Thor  
  150  12:31  Liberator  
  150  12:32  Liberator  
  150  12:35  Liberator  
  156  12:40  SCV x3  
  165  12:54  Refinery x2  
  168  13:02  Starport Reactor  
  168  13:04  Starport Reactor x2  
  168  13:13  Liberator  
  168  13:14  Planetary Fortress  
  168  13:15  SCV x2  
  168  13:16  SCV, Missile Turret  
  171  13:20  Missile Turret  
  171  13:21  Thor  
  177  13:27  SCV  
  177  13:31  SCV x2  
  183  13:35  Liberator x3  
  183  13:39  SCV  
  184  13:43  SCV x2  
  183  13:51  SCV  
  193  13:55  SCV x2  
  193  14:00  Liberator  
  162  14:48  Siege Tank x3  
  143  15:03  Liberator  
  119  15:20  Liberator, Siege Tank x2  
  119  15:21  Siege Tank, Liberator  
  131  15:36  Liberator  
  137  15:43  Command Center  
  137  15:44  Command Center x2  
  137  15:46  Command Center  
  137  15:48  Command Center  
  137  15:52  Siege Tank  
  137  15:53  Siege Tank  
  146  15:58  Terran Infantry Weapons Level 1, Liberator x2  
  146  16:05  Liberator  
  140  16:28  Liberator x2  
  140  16:38  SCV x4  
  150  17:00  Liberator, Planetary Fortress  
  149  17:15  Command Center  
  149  17:19  Siege Tank  
  155  17:25  Liberator x3  
  144  17:51  Planetary Fortress  
  144  17:57  Liberator  
  144  17:58  Liberator  
  108  18:22  Liberator x2  
  108  18:38  Liberator  
  75  18:58  Hellbat  
  73  19:12  Liberator x2  
  73  19:24  Refinery  
  73  19:27  Liberator  
  79  19:37  Refinery  
  79  19:40  Refinery x2  
  82  19:50  SCV x5  
  87  19:54  Command Center  
  87  19:56  Command Center  
  87  20:00  Barracks  
  87  20:02  SCV x3  
  87  20:03  SCV x2, Command Center  
  92  20:12  Liberator x2  
  92  20:14  SCV x3  
  92  20:15  SCV x2  
  97  20:26  SCV x2  
  97  20:27  SCV x3  
  102  20:32  Liberator  
  108  20:38  SCV  
  108  20:39  SCV x2  
  111  20:46  SCV x2  
  116  20:50  SCV  
  116  20:52  Liberator  
  117  20:58  Terran Vehicle And Ship Armor Level 2  
  117  21:09  Liberator  
  120  21:12  Command Center  
  76  21:28  Siege Tank  
  76  21:31  Liberator  
  62  22:16  Command Center  
  62  22:18  Siege Tank  
  62  22:19  Siege Tank, Command Center  
  68  22:25  Liberator  
  68  22:34  Orbital Command  
  64  22:38  SCV x3  
  53  22:50  SCV  
  54  22:56  Widow Mine  
  56  22:59  Hellion x2  
  57  23:21  Hellion x2  
  57  23:26  Hellion  
  55  23:42  Hellion  
Show
View Real Time Build Order
Export as new Build Order

capac Terran - Winner!

Build Orders: Reaper Expand, MMM Bio 

Get SALT Encoding   

  12  0:00  SCV  
  13  0:12  SCV  
  14  0:18  Supply Depot  
  14  0:25  SCV  
  15  0:39  SCV  
  15  0:40  Barracks  
  16  0:45  Refinery  
  16  0:51  SCV  
  17  1:04  SCV  
  18  1:19  SCV  
  19  1:30  Reaper  
  19  1:32  Orbital Command  
  20  1:44  Command Center  
  20  1:51  Supply Depot  
  20  1:58  SCV  
  21  2:02  Marine  
  22  2:10  SCV  
  22  2:13  Factory  
  23  2:16  Refinery  
  23  2:25  SCV  
  23  2:28  Barracks Reactor  
  24  2:30  Barracks  
  24  2:37  SCV  
  25  2:39  Barracks Reactor  
  25  2:49  SCV  
  26  2:58  Factory Reactor  
  27  3:10  Orbital Command  
  27  3:12  SCV  
  27  3:17  Starport  
  27  3:24  Barracks Tech Lab  
  27  3:25  Engineering Bay, Marine x2  
  27  3:26  SCV  
  29  3:32  Refinery  
  29  3:38  SCV  
  30  3:56  Marine x3  
  30  3:58  Factory Tech Lab  
  33  4:09  Missile Turret  
  33  4:10  SCV x2  
  33  4:14  Marine x2  
  33  4:16  Barracks  
  37  4:18  Marine  
  37  4:22  SCV  
  39  4:32  Marine  
  39  4:47  Missile Turret  
  39  4:50  SCV x2  
  39  4:51  Marine x2, Bunker  
  39  4:52  Marine  
  44  5:08  Supply Depot  
  44  5:13  SCV x2  
  46  5:26  Marine x2, Siege Tank  
  51  5:31  SCV x2  
  51  5:32  Refinery  
  51  5:34  Terran Infantry Weapons Level 1  
  53  5:36  Stimpack  
  47  5:51  Viking x2  
  48  6:02  Missile Turret  
  41  6:20  Missile Turret  
  41  6:29  Marine x2  
  43  6:33  SCV x2  
  45  6:42  Marine  
  45  6:46  Liberator x2  
  46  6:52  SCV  
  46  6:53  SCV  
  48  6:59  Marine x2  
  50  7:01  Siege Tank  
  50  7:05  Marine  
  60  7:11  SCV x2  
  62  7:25  Supply Depot, Marine x2  
  62  7:26  SCV x2  
  66  7:30  Supply Depot  
  66  7:40  SCV  
  66  7:41  SCV  
  66  7:42  Combat Shields  
  68  7:44  Marine x2  
  68  7:46  Marine  
  71  7:55  Barracks Reactor  
  71  7:59  Terran Infantry Armor Level 1  
  71  8:01  SCV x2  
  71  8:02  Marine x2  
  71  8:03  Supply Depot  
  75  8:22  Marine x3  
  77  8:36  Medivac x2  
  77  8:37  Marine x2  
  83  8:46  Command Center  
  83  8:55  Supply Depot  
  83  8:57  Starport  
  83  8:59  Marine x3  
  86  9:16  Marine, SCV x2  
  89  9:20  Marine x3  
  89  9:21  Marine  
  93  9:28  SCV  
  93  9:29  Raven  
  93  9:30  SCV  
  97  9:36  Starport Reactor  
  97  9:40  Supply Depot  
  97  9:44  SCV x2  
  99  9:46  Armory  
  99  9:47  Marine x3  
  99  9:48  Marine x2  
  104  10:05  Supply Depot  
  104  10:09  Barracks  
  104  10:19  Barracks, Raven  
  104  10:20  Liberator x2  
  106  10:22  Barracks  
  112  10:46  Terran Ship Weapons Level 1  
  112  10:47  Supply Depot x2  
  112  10:48  Marine x3  
  112  10:49  Marine  
  117  10:58  Orbital Command  
  117  11:08  Barracks Reactor  
  117  11:10  Barracks Reactor  
  117  11:11  Supply Depot  
  116  11:46  Siege Tank  
  119  11:48  Barracks Reactor  
  119  11:49  Marine x5  
  119  11:50  Marine x2  
  126  11:58  Supply Depot  
  126  11:59  Supply Depot  
  126  12:00  Supply Depot  
  126  12:01  Supply Depot  
  126  12:02  Marine x2  
  126  12:05  Medivac x4  
  126  12:07  Marine x2  
  138  12:22  Supply Depot, Marine x6  
  142  12:26  Liberator x4  
  144  12:33  Missile Turret  
  144  12:34  Missile Turret  
  144  12:35  Missile Turret  
  156  12:53  Marine x2  
  156  12:54  Marine x6  
  164  13:13  Siege Tank  
  167  13:22  Refinery  
  167  13:23  Refinery  
  167  13:26  Missile Turret  
  167  13:39  Liberator x4  
  167  13:45  Siege Tank  
  166  14:02  Starport  
  163  14:26  Liberator x4  
  144  14:41  Marine  
  144  14:42  Marine x8  
  162  14:59  Marine x5  
  153  15:00  Marine x4  
  141  15:08  Liberator  
  141  15:09  Liberator x2  
  134  15:14  SCV x2  
  134  15:17  Marine  
  134  15:21  Liberator  
  137  15:24  Starport Reactor  
  137  15:26  SCV x2  
  148  15:35  Command Center  
  151  15:46  Liberator  
  151  15:47  Liberator  
  154  16:36  Medivac x2  
  158  16:40  Liberator  
  158  16:41  Liberator x2  
  167  17:02  Siege Tank, Missile Turret x2  
  170  17:34  Siege Tank  
  160  18:06  Siege Tank  
  160  18:11  Liberator x6  
  159  18:21  Marine  
  159  18:22  Marine x8  
  171  18:38  Siege Tank  
  171  18:39  Marine x8  
  171  18:40  Marine  
  148  19:00  Marine x9  
  157  19:21  Planetary Fortress  
  157  19:26  Missile Turret  
  157  19:29  Missile Turret  
  157  19:31  Marine  
  157  19:32  Marine x8  
  163  19:40  Medivac x3  
  166  19:49  Marine x6  
  166  19:50  Marine x3  
  175  20:03  Command Center  
  175  20:04  Refinery x2  
  175  20:07  Marine x5  
  175  20:11  Marine x4  
  184  21:01  Marine x6  
  184  21:02  Marauder, Marine x2  
  194  21:05  Liberator x2  
  194  21:06  Liberator x4  
  182  21:51  Marine  
  182  21:52  Marine x8  
  191  22:21  Marine x7  
  191  22:22  Marine x2  
  120  23:58  Marine  
  120  23:59  Marine x9  
Tags
 
Add a new tag
Caveats
  • Supply blocks, unpowered buildings, or Contaminate may cause inaccurate times.
  • Supply counts are checked every 10 seconds.